 Dungeon Crawl Stone Soup version 0.17-a0-1646-geb1493d (console) character file.

197 Monkaria the Conjurer (level 5, 0/28 HPs)
             Began as a Deep Elf Conjurer on Aug 10, 2015.
             Killed from afar by an orc wizard (5 damage)
             ... with a magic dart
             ... on level 3 of the Dungeon.
             The game lasted 00:04:39 (1954 turns).

Monkaria the Conjurer (Deep Elf Conjurer)           Turns: 1954, Time: 00:04:39

Health: 0/28       AC:  5    Str:  5    XL:     5   Next: 46%
Magic:  0/11       EV: 13    Int: 21    God:
Gold:   149        SH:  0    Dex: 15    Spells: 2 memorised, 7 levels left

rFire  . . .     SeeInvis .     (no weapon)
rCold  . . .     Clarity  .     a - +0 robe
rNeg   . . .     SustAt   .     (no shield)
rPois  .         Gourm    .     r - +2 helmet
rElec  .         Spirit   .     (no cloak)
rCorr  .         Warding  .     (no gloves)
rMut   +         Stasis   .     (no boots)
MR     .....                    n - amulet of resist mutation
Stlth  ++........               d - +5 ring of slaying
                                z - ring of stealth

@: confused, not resistant to hostile enchantments, unstealthy
A: no striking features
a: no special abilities


You were on level 3 of the Dungeon.
You were not hungry.

You visited 1 branch of the dungeon, and saw 3 of its levels.

You collected 149 gold pieces.

Inventory:

Missiles
 o - 7 curare-tipped needles
 x - 14 poisoned needles
Armour
 a - a +0 robe (worn)
 r - a +2 helmet (worn)
Jewellery
 d - a +5 ring of slaying (right hand)
 n - an amulet of resist mutation (around neck)
 y - an uncursed ring of stealth
 z - a ring of stealth (left hand)
Scrolls
 e - a scroll of enchant weapon {unknown}
 i - a scroll of fear {unknown}
 j - a scroll of teleportation {unknown}
 k - 2 scrolls of identify {unknown}
 u - a scroll of random uselessness {unknown}
 v - 2 scrolls of remove curse {unknown}
Potions
 f - a potion of haste {unknown}
 g - 4 potions of brilliance {unknown}
 l - a potion of mutation {unknown}
 p - a potion of poison {unknown}
 s - a potion of cure mutation {unknown}
 w - a potion of heal wounds {unknown}
Books
 b - a book of Conjurations

   Spells                             Type                      Level
   a - Magic Dart                     Conjuration                  1
   b - Searing Ray                    Conjuration                  2
   c - Dazzling Spray                 Conjuration/Hexes            3
   d - Fulminant Prism                Conjuration/Hexes            4
   e - Iskenderun's Mystic Blast      Conjuration                  4
   f - Iskenderun's Battlesphere      Conjuration/Charms           5
Comestibles
 c - 4 bread rations
 h - a beef jerky
 m - a meat ration
 q - 5 chunks of flesh
 t - a slice of pizza


   Skills:
 - Level 2.4 Dodging
 - Level 2.4 Stealth
 - Level 3.0 Spellcasting
 + Level 7.4 Conjurations


You had 7 spell levels left.
You knew the following spells:

 Your Spells              Type           Power        Failure   Level  Hunger
a - Magic Dart            Conj           ####         1%          1    None
b - Searing Ray           Conj           ####..       1%          2    ##.....


Dungeon Overview and Level Annotations

Branches:
Dungeon (3/15)

Altars:


Message History

The orc is almost dead.
The orc hits you with a war axe!
You closely miss the orc.
The orc is almost dead.
The orc hits you with a war axe!
* * * LOW HITPOINT WARNING * * *
Casting: Magic Dart
Confirm with . or Enter, or press ? or * to list all spells.
Aiming: Magic Dart
Press: ? - help, Shift-Dir - straight line, f/p - orc
Aim: an orc, wielding a war axe and wearing a chain mail (severely wounded)
The magic dart hits the orc.
You kill the orc!
You start resting.
You hear some strange, mumbled words.
You are confused.
You start resting.
A magic dart appears from out of thin air!
The magic dart hits you!
You die...

..........#....#.#######
.......)...............#
######.#.#....#.#####..
#.#.#....#.# #....
########.#....###.# #....
......)).+..........+....
########)#....###.###...#
#.#....# #.# #...#
#@#....# #.# #...#
#+#....# #.# #.... .#<..#
#.... ..###.# #....
...... ####### .... ###
###


There were no monsters in sight!

Vanquished Creatures
  An orc wizard (D:3)
  Robin (D:2)
  4 gnolls (D:2)
  5 adders
  An ooze (D:1)
  A worm (D:2)
  3 giant geckos
  4 orcs (D:3)
  10 bats
  2 giant cockroaches (D:2)
  11 goblins
  8 hobgoblins
  2 jackals (D:1)
  A quokka (D:3)
  A ball python (D:1)
  3 giant newts
  3 kobolds
  4 rats
65 creatures vanquished.

Notes
Turn   | Place    | Note
--------------------------------------------------------------
     0 | D:1      | Monkaria the Deep Elf Conjurer began the quest for the Orb.
     0 | D:1      | Reached XP level 1. HP: 10/10 MP: 6/6
    78 | D:1      | Reached XP level 2. HP: 15/15 MP: 0/8
    95 | D:1      | Reached skill level 5 in Conjurations
   610 | D:1      | Learned a level 2 spell: Searing Ray
   763 | D:2      | Reached XP level 3. HP: 19/19 MP: 6/9
   786 | D:2      | Noticed Robin
   804 | D:2      | Killed Robin
  1130 | D:2      | Reached skill level 6 in Conjurations
  1152 | D:2      | Reached XP level 4. HP: 24/24 MP: 2/10
  1818 | D:3      | Reached skill level 7 in Conjurations
  1818 | D:3      | Reached XP level 5. HP: 28/28 MP: 7/11
  1954 | D:3      | Killed from afar by an orc wizard

Vault maps used:
D:1:      dpeg_arrival_shelter, minmay_close_crescents
D:2:      uniq_robin

Action                   |  1- 3 |  4- 6 || total
-------------------------+-------+-------++-------
Melee: Unarmed           |     8 |     5 ||    13
 Cast: Magic Dart        |    61 |    49 ||   110
       Searing Ray       |     4 |     4 ||     8
  Eat: Chunk             |       |     3 ||     3
